 Dungeon Crawl Stone Soup version 0.19.5 (webtiles) character file.

77 Haldmier the Ogre Mage (level 4, -3/39 HPs)
             Began as an Ogre Wizard on Apr 27, 2017.
             Slain by Natasha (7 damage)
             ... on level 2 of the Dungeon.
             The game lasted 00:08:42 (2534 turns).

Haldmier the Ogre Mage (Ogre Wizard)                Turns: 2534, Time: 00:08:43

Health: -3/39      AC:  3    Str: 10 (12) XL:     4   Next: 33%
Magic:  1/9        EV:  9    Int: 14 (17) God:
Gold:   30         SH:  0    Dex:  6 (9)  Spells: 4 memorised, 2 levels left

rFire  . . .     SeeInvis .     k - +0 dagger
rCold  . . .     Gourm    .     a - +0 robe
rNeg   . . .     Faith    .     (no shield)
rPois  .         Spirit   .     b - +0 hat
rElec  .         Reflect  .     (no cloak)
rCorr  .         Harm     .     (gloves unavailable)
MR     .....                    (boots unavailable)
Stlth  ++........               (no amulet)
                                (no ring)
                                e - ring of stealth

@: very slightly contaminated
A: unfitting armour, tough skin 1
a: no special abilities


You were on level 2 of the Dungeon.
You were not hungry.

You visited 1 branch of the dungeon, and saw 2 of its levels.

You collected 30 gold pieces.

Inventory:

Hand Weapons
 h - a +0 club
 k - a +0 dagger (weapon)
 m - a +0 flail
Armour
 a - a +0 robe (worn)
 b - a +0 hat (worn)
Jewellery
 e - a ring of stealth (left hand)
Scrolls
 f - a scroll of fear {unknown}
 j - a scroll of identify {unknown}
 l - a scroll of fog {unknown}
 n - a scroll of immolation {unknown}
 o - a scroll of teleportation {unknown}
 r - a scroll of enchant weapon {unknown}
Potions
 g - a potion of flight {unknown}
 i - a potion of mutation {unknown}
Books
 c - a book of Minor Magic

   Spells                             Type                      Level
   a - Magic Dart                     Conjuration                  1
   b - Blink                          Translocation                2
   c - Call Imp                       Summoning                    2
   d - Repel Missiles                 Charms/Air                   2
   e - Slow                           Hexes                        2
   f - Conjure Flame                  Conjuration/Fire             3
   g - Mephitic Cloud                 Conjuration/Poison/Air       3
Comestibles
 d - 2 bread rations
 p - 3 chunks of flesh


   Skills:
 + Level 0.0 Maces & Flails
 - Level 1.7 Dodging
 - Level 1.4 Stealth
 + Level 3.9 Spellcasting
 + Level 1.9 Conjurations
 + Level 1.3 Summonings
 + Level 1.1 Translocations
 + Level 0.7 Air Magic
 + Level 0.1 Poison Magic


You had 2 spell levels left.
You knew the following spells:

 Your Spells              Type           Power        Failure   Level  Hunger
a - Magic Dart            Conj           #...         12%         1    None
b - Blink                 Tloc           N/A          21%         2    ##.....
c - Call Imp              Summ           #.......     21%         2    ##.....
d - Mephitic Cloud        Conj/Pois/Air  #.......     47%         3    ###....


Dungeon Overview and Level Annotations

Branches:
Dungeon (2/15)

Altars:
Makhleb

Annotations:
D:2 Natasha


Innate Abilities, Weirdness & Mutations

You are too large for most types of armour.
You have tough skin. (AC +1)


Message History

Natasha claws you.
You take 6 damage, and have 14/39 hp.
You hit Natasha but do no damage.
Natasha is heavily wounded.
Natasha claws you.
* * * LOW HITPOINT WARNING * * *
You take 4 damage, and have 10/39 hp.
You hit Natasha.
Natasha is severely wounded.
Natasha closely misses you.
You hit Natasha but do no damage.
Natasha is heavily wounded.
Natasha claws you.
* * * LOW HITPOINT WARNING * * *
You take 6 damage, and have 4/39 hp.
It was a potion of degeneration.
There was something very wrong with that liquid.
You feel weakened.
You feel dopey.
You feel clumsy. Natasha claws you!
You die...

.#####..##############
........# #######.#
#####)# ####
#...#.##### #..#
##...#.#...# ##..
###......#.#.# #∩_.
##..........#.# ##..
..........@h..#.###
#..#
##.................
####
###......?.#.#.###
##.......#.#
#.........#
#####.##### #.# .. #.#
#.# #+# #.# #


You could see Natasha.

Vanquished Creatures
  A hound (D:2)
  An ooze (D:1)
  2 worms (D:2)
  A dart slug (D:1)
  A leopard gecko (D:1)
  A ball python (D:1)
  2 giant cockroaches (D:1)
  5 hobgoblins
  7 bats
  3 frilled lizards
  6 goblins
  A kobold (D:2)
  9 rats
40 creatures vanquished.

Notes
Turn   | Place    | Note
-------+----------+-------------------------------------------
     0 | D:1      | Haldmier the Ogre Wizard began the quest for the Orb.
     0 | D:1      | Reached XP level 1. HP: 16/16 MP: 5/5
   126 | D:1      | Reached skill level 1 in Conjurations
   343 | D:1      | Reached XP level 2. HP: 22/24 MP: 0/6
   400 | D:1      | Learned a level 2 spell: Blink
   403 | D:1      | Learned a level 2 spell: Call Imp
   717 | D:1      | Reached skill level 1 in Summonings
   999 | D:1      | Reached XP level 3. HP: 31/31 MP: 4/8
  1129 | D:1      | Learned a level 3 spell: Mephitic Cloud
  2014 | D:2      | Reached skill level 1 in Translocations
  2147 | D:2      | Found a burning altar of Makhleb.
  2186 | D:2      | Reached XP level 4. HP: 29/39 MP: 9/9
  2517 | D:2      | Noticed Natasha
  2534 | D:2      | Slain by Natasha

Skill      XL: |  1  2  3 |
---------------+----------+-----
Conjurations   | 1 |  1.9
Summonings     | 1 |  1.3
Translocations | 1 |  1.1
Dodging        | |  1.7
Stealth        | |  1.4
Spellcasting   | |  3.9
Air Magic      | |  0.7
Poison Magic   | |  0.1

Action                   |  1- 3 |  4- 6 || total
-------------------------+-------+-------++-------
Melee: Unarmed           |    22 |       ||    22
       Club              |    21 |       ||    21
       Dagger            |    40 |     6 ||    46
 Cast: Magic Dart        |    72 |    22 ||    94
       Mephitic Cloud    |     5 |       ||     5
       Call Imp          |     1 |       ||     1
  Use: Potion            |       |     1 ||     1
 Stab: Sleeping          |     1 |       ||     1
       Confused          |     1 |       ||     1
  Eat: Chunk             |     3 |     2 ||     5
Armor: Robe              |    37 |     1 ||    38
Dodge: Dodged            |    46 |     3 ||    49
